Map: Daybreak LE (Void)

Players

Musumeci - Winner!

  • Race: Zerg Zerg
  • League: Diamond
  • Spawn Location: 7:00

A.I. 1 (Easy)

  • Race: Zerg Zerg
  • Spawn Location: 1:00

VOD

Have the link to the VOD?

Description

Time

  • Played on: Jan. 1, 2017, 1:52 p.m.
  • Length: 10:02
Show
View Real Time Build Order
Export as new Build Order

Musumeci Zerg - Winner!

Build Orders: Hatch First 

Get SALT Encoding   

  12  0:02  Drone  
  13  0:09  Drone  
  14  0:19  Extractor  
  14  0:20  Drone  
  15  0:42  Hatchery  
  14  0:48  Drone, Extractor  
  15  1:02  Spawning Pool  
  14  1:37  Extractor  
  14  1:38  Drone  
  14  3:30  Zergling x2  
  14  3:31  Zergling x10  
  14  4:33  Zergling x2  
  14  4:34  Zergling x10  
  19  4:49  Drone  
  14  6:50  Zergling x2  
  14  6:51  Zergling x10  
  18  7:17  Zergling x4  
  18  7:19  Overlord x2  
  18  7:22  Queen  
  19  7:36  Hatchery, Queen  
  19  7:37  Hatchery  
  17  7:39  Metabolic Boost  
  17  7:43  Zergling x8  
  23  7:50  Zergling x4  
  27  8:08  Zergling x4  
  27  8:19  Zergling x4  
  29  8:30  Zergling x4  
  27  8:34  Zergling x2  
  27  8:35  Zergling x4  
  27  8:44  Zergling x4  
  27  8:50  Zergling x10  
  32  8:57  Zergling x4  
  32  9:02  Zergling x4  
  36  9:08  Unknown  
  34  9:10  Zergling x6  
  34  9:23  Unknown, Zergling x8  
  37  9:28  Unknown  
  37  9:43  Zergling x8  
  37  9:44  Zergling x2  
Show
View Real Time Build Order
Export as new Build Order

A.I. 1 (Easy) Zerg 

Build Orders: Pool First 

Get SALT Encoding   

  12  0:00  Drone  
  13  0:12  Overlord  
  13  0:17  Drone  
  14  0:30  Drone  
  14  0:34  Drone  
  16  0:42  Spawning Pool  
  16  0:45  Drone  
  16  0:49  Extractor  
  15  0:51  Drone  
  16  0:58  Overlord  
  16  1:31  Queen, Zergling x2  
  19  1:33  Roach Warren  
  19  1:34  Extractor  
  19  1:37  Drone  
  18  1:42  Drone, Zergling x2  
  20  1:52  Zergling x2  
  21  2:03  Zergling x2  
  22  2:13  Overlord  
  22  2:24  Zergling x2  
  23  2:35  Zergling x2  
  24  2:38  Drone  
  24  2:43  Drone  
  26  2:46  Roach  
  26  2:48  Drone  
  29  2:58  Drone  
  30  3:09  Roach, Overlord  
  30  3:10  Drone  
  33  3:14  Drone  
  34  6:20  Drone, Lair  
  34  6:21  Roach, Overlord  
  34  6:25  Drone  
  36  6:29  Drone  
  36  6:30  Hatchery  
  34  6:33  Drone  
  35  6:42  Roach  
  37  7:02  Roach  
  37  7:18  Overseer x2  
  35  7:23  Zergling x2  
  35  7:25  Hydralisk Den  
  33  7:43  Drone  
  36  7:44  Roach  
  36  7:47  Drone  
  37  7:51  Drone  
  37  7:53  Extractor  
  37  7:54  Extractor  
  37  7:55  Drone  
  37  8:00  Drone  
  37  8:04  Drone  
  37  8:05  Roach  
  41  8:08  Drone  
  42  8:13  Drone  
  42  8:17  Drone  
  44  8:21  Drone  
  44  8:25  Drone, Hydralisk  
  48  8:30  Drone  
  48  8:34  Drone  
  48  8:38  Drone  
  48  8:40  Overlord  
  46  8:43  Drone  
  46  8:45  Hydralisk  
  46  8:47  Drone  
  48  8:51  Drone  
  49  8:55  Drone  
  49  9:00  Drone  
  51  9:04  Drone  
  51  9:07  Zergling x2  
  51  9:09  Drone  
  52  9:10  Overlord  
  52  9:13  Drone  
  49  9:17  Drone  
  49  9:21  Zergling x2  
  49  9:26  Drone  
  49  9:30  Drone  
  37  9:34  Drone  
  37  9:35  Zergling x2  
  27  9:39  Drone  
  27  9:44  Drone  
  28  9:48  Drone  
Tags
 
League
Diamond
Matchup
ZvZ
Race
Zerg
Replay Pack
replay pack
Spawn Locations
Cross Positions
Add a new tag
Caveats
  • Supply blocks, unpowered buildings, or Contaminate may cause inaccurate times.
  • Supply counts are checked every 10 seconds.